 Dungeon Crawl Stone Soup version 0.29.1 (webtiles) character file.

Game seed: 5863912781370944592

446 Ashen the Chiller (level 6, 46/46 HPs)
             Began as a Demonspawn Ice Elementalist on Sept 14, 2022.
             Got out of the dungeon alive.
             The game lasted 00:07:42 (3783 turns).

Ashen the Chiller (Demonspawn Ice Elementalist)     Turns: 3783, Time: 00:07:43

Health: 46/46      AC:  8    Str: 12    XL:     6   Next: 73%
Magic:  11/11      EV: 12    Int: 18    God:
Gold:   180        SH:  0    Dex: 13    Spells: 4/11 levels left

rFire   . . .      SeeInvis .   m - +1 mace of Freehold {venom, Str+3}
rCold   . . .      Faith    .   (no shield)
rNeg    . . .      Spirit   .   g - +0 leather armour
rPois   .          Reflect  .   i - +2 hat
rElec   .          Harm     .   (no cloak)
rCorr   .          Rampage  .   f - +2 pair of gloves
Will    .....                   (no boots)
Stlth   ++........              (no amulet)
HPRegen 0.15/turn               (no ring)
MPRegen 0.12/turn               (no ring)

@: no status effects
A: antennae 1, powered by death 1, spiny 1
a: no special abilities


You escaped.
You visited 1 branch of the dungeon, and saw 4 of its levels.

You collected 180 gold pieces.

Inventory:

Hand Weapons
 a - a +0 dagger of electrocution
 m - the +1 mace of Freehold (weapon) {venom, Str+3}
   (You found it on level 2 of the Dungeon)

   It poisons the flesh of those it strikes.
   Str:       It affects your strength (+3).
Armour
 f - a +2 pair of gloves (worn)
 g - a +0 leather armour (worn)
 i - a +2 hat (worn)
Magical Staves
 c - a staff of poison
Wands
 o - a wand of paralysis (15)
Scrolls
 d - 2 scrolls of fear {unknown}
 e - a scroll of enchant armour {unknown}
 h - 2 scrolls of noise {unknown}
 j - a scroll of summoning {unknown}
 k - 2 scrolls of identify {unknown}
 p - 4 scrolls of amnesia {unknown}
 r - a scroll of acquirement {unknown}
Potions
 b - a potion of magic
 l - a potion of flight {unknown}
 n - a potion of attraction {unknown}
 q - 2 potions of curing
 s - a potion of mutation {unknown}
 t - a potion of lignification {unknown}
 u - 2 potions of berserk rage {unknown}


   Skills:
 + Level 2.8 Fighting
 + Level 3.2 Dodging
 + Level 3.5 Stealth
 + Level 3.4 Spellcasting
 + Level 4.6 Ice Magic


You had 4 spell levels left.
You knew the following spells:

 Your Spells              Type           Power      Damage    Failure   Level
a - Freeze                Ice            76%        1d9       3%          1
b - Frozen Ramparts       Ice            38%        1d6       9%          3
c - Ozocubu's Armour      Ice            19%        N/A       9%          3

Your spell library contained the following spells:

 Spells                   Type           Power      Damage    Failure   Level
 Ensorcelled Hibernation  Hex/Ice        22%        N/A       12%         2
 Apportation              Tloc           6%         N/A       21%         1
 Blink                    Tloc           6%         N/A       30%         2
 Passwall                 Tmut/Erth      2%         N/A       30%         2
 Sublimation of Blood     Necr           3%         N/A       30%         2
 Wereblood                Tmut           3%         N/A       30%         2
 Swiftness                Air            3%         N/A       52%         3
 Hailstorm                Conj/Ice       11%        3d5       58%         4
 Freezing Cloud           Conj/Ice/Air   4%         6-21      96%         5
 Alistair's Intoxication  Tmut/Pois      2%         N/A       99%         5
 Manifold Assault         Tloc           3%         N/A       99%         5
 Simulacrum               Ice/Necr       5%         N/A       100%        6
 Storm Form               Tmut/Air       1%         N/A       100%        7
 Summon Hydra             Summ           1%         N/A       100%        7
 Polar Vortex             Ice            9%         N/A       100%        9


Dungeon Overview and Level Annotations

Branches:
Dungeon (4/15)
 Temple: D:4-7

Altars:
Makhleb
Trog


Innate Abilities, Weirdness & Mutations

You have a pair of small antennae on your head.
You regenerate a little health from kills.
You are partially covered in sharp spines.


Message History

No target in view!
No target in view!
The endoplasm quivers.
The endoplasm barely misses you.
You hit the endoplasm.
The endoplasm is almost dead.
The endoplasm is struck by your spines.
You kill the endoplasm!
No target in view!
(D) Dungeon
Where to? (Enter - D:4 @ (x,y), ? - help)
You see here a +2 dagger of venom.
There is a stone staircase leading down here.
(D) Dungeon
Where to? (Enter - D:4 @ (x,y), ? - help) You're already here!
(D) Dungeon
Where to? (Enter - D:4 @ (x,y), ? - help)
What level of the Dungeon? (default 1, ? - help)
There is a stone staircase leading up here.
You climb upwards.
There is a stone staircase leading down here.
There is a stone staircase leading up here.
You climb upwards.
There is a stone staircase leading down here.
There is a stone staircase leading up here.
You climb upwards.
There is a stone staircase leading down here.
There is an open door here.
There is an open door here.
There is an open door here.
There is an open door here.
As you open the door, it creaks loudly!
You can't go up here!
(D) Dungeon
Where to? (Enter - D:1 @ (x,y), ? - help)
There is an open door here.
There is a staircase leading out of the dungeon here.
Are you sure you want to leave the Dungeon?
This will make you lose the game!
You have escaped!

...#..##.'#+.+#+.+#+.+#'.#.##
...#..####.###.###.###.###..#
...##.####.'#'.'#'.+#'.# ##.#
...##...####.###.###.### #.#
.####....>.#.'#'.+#'.# #.# ##
#####..###.###.### #.#
#....#.'.'.# #.# ##.#.###.###
#.# ##.#..##@# #.# #......###
##.# #########....(.# ##..###
[...)...'......###### #.....#
#########...........##
#.....# #......####..##
#†....# ######......#
##..###.....# #.....)...).#
##..##..#### #.......#####
##.##.##


There were no monsters in sight!

Vanquished Creatures
  Sigmund (D:3)
  A scorpion (D:4)
  Terence (D:2)
  Robin (D:2)
  3 gnolls
  7 adders
  A white imp (D:4)
  3 dart slugs
  4 orcs (D:3)
  6 bats
  6 endoplasms
  3 giant cockroaches
  15 goblins
  13 hobgoblins
  5 jackals (D:1)
  2 quokkas
  6 ball pythons
  4 frilled lizards (D:1)
  5 kobolds
  3 rats
90 creatures vanquished.

Notes
Turn   | Place    | Note
-------+----------+-------------------------------------------
     0 | D:1      | Ashen the Demonspawn Ice Elementalist began the quest for
                  | the Orb.
     0 | D:1      | Reached XP level 1. HP: 13/13 MP: 3/3
   490 | D:1      | Gained mutation: You have a pair of small antennae on your
                  | head. [demonic ancestry]
   490 | D:1      | Reached XP level 2. HP: 20/20 MP: 0/5
   580 | D:1      | Found a faded altar of an unknown god.
  1033 | D:1      | Reached skill level 1 in Fighting
  1136 | D:1      | Gained mutation: You regenerate a little health from kills.
                  | [demonic ancestry]
  1136 | D:1      | Reached XP level 3. HP: 23/26 MP: 4/6
  1625 | D:2      | Noticed Robin
  1641 | D:2      | Reached XP level 4. HP: 23/32 MP: 3/7
  1675 | D:2      | Reached skill level 4 in Ice Magic
  1909 | D:2      | Found a bloodstained altar of Trog.
  1927 | D:2      | Identified the +1 mace of Freehold {venom, Str+3}
  1948 | D:2      | Killed Robin
  2075 | D:2      | Noticed Terence
  2082 | D:2      | Killed Terence
  2083 | D:2      | Reached XP level 5. HP: 32/38 MP: 9/9
  2089 | D:2      | Learned a level 3 spell: Frozen Ramparts
  2093 | D:2      | Learned a level 3 spell: Ozocubu's Armour
  2258 | D:3      | Found a burning altar of Makhleb.
  2300 | D:3      | Noticed Sigmund
  2318 | D:3      | Killed Sigmund
  2319 | D:3      | Gained mutation: You are partially covered in sharp spines.
                  | [demonic ancestry]
  2319 | D:3      | Reached XP level 6. HP: 35/46 MP: 8/10
  3783 | D:$      | Got out of the dungeon alive.

Illustrated notes

Levels and vault maps discovered:
D:1:      erik_arrival_triangle_large, layout_basic,
          hellmonk_ecumenical_altar_arch_garden
D:2:      layout_rooms, basic_altar, uniq_terence, uniq_robin
D:3:      layout_loops_ring, bloody_makhleb, minmay_misc_feat_room, uniq_sigmund
D:4:      layout_loops_cross

Skill      XL: |  1  2  3  4  5 |
---------------+----------------+-----
Stealth        | 2 3 |  3.5
Dodging        | 2 3 |  3.2
Fighting       | 1 2 |  2.8
Ice Magic      | 4 |  4.6
Spellcasting   | 3 |  3.4

Action                   |  1- 3 |  4- 6 || total
-------------------------+-------+-------++-------
Melee: Staff             |    41 |    42 ||    83
       Unarmed           |     1 |       ||     1
       Mace              |       |   111 ||   111
       Dagger            |       |     7 ||     7
 Cast: Freeze            |    53 |     7 ||    60
       Ozocubu's Armour  |       |     1 ||     1
  Use: Potion            |     1 |       ||     1
 Stab: Distracted        |     1 |       ||     1
       Sleeping          |     2 |     4 ||     6
Armor: Robe              |    20 |       ||    20
       Leather armour    |    30 |    80 ||   110
Dodge: Dodged            |    82 |   139 ||   221
